 Dungeon Crawl Stone Soup version 0.28-a0-998-gb9e9c7b67e (webtiles) character file.

Game seed: 13817190707804418328

105 r3xj the Chopper (level 4, -2/41 HPs)
             Began as a Minotaur Berserker on Dec 6, 2021.
             Was a Believer of Trog.
             Slain by a goblin (6 damage)
             ... led by Robin
             ... on level 2 of the Dungeon.
             The game lasted 00:05:16 (1560 turns).

r3xj the Chopper (Minotaur Berserker)               Turns: 1560, Time: 00:05:16

Health: -2/41      AC:  9    Str: 21    XL:     4   Next: 54%
Magic:  3/3        EV:  7    Int:  4    God:    Trog [**....]
Gold:   26         SH:  3    Dex: 12    Spells: 3/3 levels left

rFire   . . .      SeeInvis .   a - +0 hand axe
rCold   . . .      Faith    .   h - +0 buckler
rNeg    . . .      Spirit   .   j - +0 chain mail
rPois   .          Reflect  .   (helmet restricted)
rElec   .          Harm     .   (no cloak)
rCorr   .          Rampage  .   (no gloves)
Will    .....                   (no boots)
Stlth   ..........              (no amulet)
HPRegen 0.13/turn               (no ring)
MPRegen 0.08/turn               (no ring)

@: lethally poisoned (-2 -> -22)
A: horns 2, retaliatory headbutt
a: Renounce Religion, Berserk, Trog's Hand


You were on level 2 of the Dungeon.
You worshipped Trog.
Trog was pleased with you.
You visited 1 branch of the dungeon, and saw 2 of its levels.

You collected 26 gold pieces.

Inventory:

Hand Weapons
 a - a +0 hand axe (weapon)
Missiles
 i - 10 sling bullets
Armour
 h - a +0 buckler (worn)
 j - a +0 chain mail (worn)
Scrolls
 c - a scroll of identify {unknown}
 d - a scroll of torment {unknown}
 e - a scroll of teleportation {unknown}
 f - a scroll of enchant weapon {unknown}


   Skills:
 + Level 4.7 Fighting
 + Level 5.0 Axes
 + Level 3.2 Armour
 + Level 2.7 Dodging


You had 3 spell levels left.
You didn't know any spells.
Your spell library was empty.

Dungeon Overview and Level Annotations

Branches:
Dungeon (2/15)

Altars:


Innate Abilities, Weirdness & Mutations

You have a pair of horns on your head.
You reflexively headbutt those who attack you in melee.


Message History

You hit the goblin but do no damage. You hit the hobgoblin. You hit the goblin.
You kill the goblin!
Trog accepts your kill.
You feel very sick. The goblin misses you. The hobgoblin hits you.
You block the hobgoblin's attack.
The hobgoblin hits you but does no damage.
Your Axes skill increases to level 5!
You miss the goblin. Your headbutt misses the goblin. You hit the hobgoblin.
You closely miss the hobgoblin. You barely miss the hobgoblin.
You feel very sick. The goblin hits you but does no damage.
You are lethally poisoned!
The hobgoblin barely misses you.
The hobgoblin hits you but does no damage.
The hobgoblin barely misses you. The goblin hits you but does no damage.
You are more poisoned.
You hit the goblin.
The goblin is moderately wounded.
You hit the hobgoblin. You slash the hobgoblin!
You kill the hobgoblin!
Trog accepts your kill.
You hit the hobgoblin.
* * * LOW HITPOINT WARNING * * *
You feel extremely sick.
The hobgoblin hits you but does no damage.
The hobgoblin closely misses you.
The goblin hits you with a +2 dagger of venom.
* * * LOW HITPOINT WARNING * * *
You miss the goblin.
The goblin is moderately wounded.
You hit the hobgoblin.
You kill the hobgoblin!
Trog accepts your kill.
You closely miss the hobgoblin.
* * * LOW HITPOINT WARNING * * *
You feel very sick.
The hobgoblin hits you but does no damage.
The goblin hits you with a +2 dagger of venom.
You die...

#.# ####...##
#.######...###.##
#.##.............
#.##.####.####.##
#.# #.## #..#
##g# ##@###
##.######g)†.#
......)..)w..#
##.##.......#
#.)..####
#...##### #
#.......#
##.#>..#####
##.....##


You could see a worm, a hobgoblin (strong) and a goblin (strong).

Vanquished Creatures
  Terence (D:2)
  Robin (D:2)
  An adder (D:2)
  A dart slug (D:1)
  6 ball pythons (D:1)
  3 endoplasms (D:1)
  A giant cockroach (D:1)
  10 goblins
  6 hobgoblins
  7 jackals
  7 kobolds
  A quokka (D:1)
  3 bats (D:1)
  3 frilled lizards (D:1)
  3 rats (D:1)
54 creatures vanquished.

Notes
Turn   | Place    | Note
-------+----------+-------------------------------------------
     0 | D:1      | r3xj the Minotaur Berserker began the quest for the Orb.
     0 | D:1      | Reached XP level 1. HP: 19/19 MP: 0/0
    32 | D:1      | Found a faded altar of an unknown god.
    63 | D:1      | HP: 1/20 [kobold (3)]
   401 | D:1      | Reached XP level 2. HP: 25/27 MP: 1/1
   432 | D:1      | Reached skill level 4 in Axes
   528 | D:1      | Reached ** piety under Trog
   549 | D:1      | Reached XP level 3. HP: 29/33 MP: 2/2
  1421 | D:2      | Noticed Terence
  1443 | D:2      | Killed Terence
  1444 | D:2      | Reached XP level 4. HP: 26/41 MP: 3/3
  1541 | D:2      | Noticed Robin
  1557 | D:2      | Killed Robin
  1558 | D:2      | Reached skill level 5 in Axes
  1560 | D:2      | Slain by a goblin

Illustrated notes

Levels and vault maps discovered:
D:1:      dpeg_arrival_long_road, layout_rooms,
          nicolae_ecumenical_snake_handling, minmay_pentomino_z4
D:2:      layout_rooms, serial_curves, eino_curves_02, eino_curves_04,
          eino_curves_02, eino_curves_03, amethyst_killhole,
          minmay_pentomino_pile, uniq_terence, uniq_robin

Skill      XL: |  1  2  3  4 |
---------------+-------------+-----
Fighting       | 4 |  4.7
Axes           | 4 5 |  5.0
Armour         | 3 |  3.2
Dodging        | |  2.7

Action                   |  1- 3 |  4- 6 || total
-------------------------+-------+-------++-------
Melee: Hand axe          |    80 |    13 ||    93
       Headbutt          |    15 |     3 ||    18
Armor: Animal skin       |    15 |       ||    15
       Ring mail         |     4 |       ||     4
       Chain mail        |       |    13 ||    13
Dodge: Dodged            |    56 |     9 ||    65
Block: Buckler           |     1 |     3 ||     4

Table legend: (Time is in decaauts)
 A = Elapsed time spent in this place.
 B = Non-inter-level travel time spent in this place.
 C = Inter-level travel time spent in this place.
 D = Time resting spent in this place.
 E = Time spent auto-exploring this place.
 F = Levels seen in this place.
 G = Mean time per level.
                   A        B        C        D        E       F      G
               +--------+--------+--------+--------+--------+-----+--------+
         Total |   1570 |   1443 |    127 |    640 |    530 |   2 |  785.0 |
       Dungeon |   1570 |   1443 |    127 |    640 |    530 |   2 |  785.0 |
               +--------+--------+--------+--------+--------+-----+--------+

Top non-repeatable levels by time:
     D:1: 1268 daAuts
     D:2: 302 daAuts
